 Dungeon Crawl Stone Soup version 0.30.0-10-gfe55d96785 (webtiles) character file.

Game seed: 16296444154825857712

124 randart the Conjurer (level 4, -7/24 HPs)
             Began as a Deep Elf Conjurer on May 15, 2023.
             Mangled by an iguana (13 damage)
             ... on level 5 of the Dungeon.
             The game lasted 00:16:39 (3681 turns).

randart the Conjurer (Deep Elf Conjurer)            Turns: 3681, Time: 00:16:40

Health: -7/24      AC:  4    Str:  1    XL:     4   Next: 81%
Magic:  10/10      EV: 15    Int: 25    God:
Gold:   116        SH:  0    Dex: 13    Spells: 3/9 levels left

rFire   . . .        x - +6 sling of Wu Jian's Inspiration {heavy, rElec rPois rN+ Str-3}
rCold   . . .        (no shield)
rNeg    + . .        l - +0 leather armour
rPois   +            (no helmet)
rElec   +            (no cloak)
rCorr   .            (no gloves)
SInv    .            k - +0 pair of boots
Will    .....        (no amulet)
Stlth   ++           n - +5 ring of evasion
HPRegen 0.24/turn    (no ring)
MPRegen 0.12/turn

%: no passive effects
@: no status effects
A: no striking features
a: no special abilities


You were on level 5 of the Dungeon.
You visited 1 branch of the dungeon, and saw 5 of its levels.

You collected 284 gold pieces.
You spent 168 gold pieces at shops.

Inventory:

Hand Weapons
 d - a +0 short sword
 x - the +6 sling of Wu Jian's Inspiration (weapon) {heavy, rElec rPois rN+ Str-3}
   (You found it on level 4 of the Dungeon)

   Str:       It affects your strength (-3).
   rElec:     It insulates you from electricity.
   rPois:     It protects you from poison.
   rN:        It protects you from negative energy.
Missiles
 t - a throwing net
Armour
 a - a +0 robe
 k - a +0 pair of boots (worn)
 l - a +0 leather armour (worn)
Jewellery
 n - a +5 ring of evasion (left hand)
 v - a ring of willpower
Scrolls
 c - 3 scrolls of blinking {unknown}
 g - a scroll of enchant weapon {unknown}
 i - a scroll of vulnerability {unknown}
 j - 2 scrolls of noise {unknown}
 m - a scroll of identify
 o - a scroll of teleportation {unknown}
 p - 2 scrolls of acquirement {unknown}
 q - 2 scrolls of immolation {unknown}
 s - a scroll of fog {unknown}
 w - a scroll of summoning {unknown}
Potions
 b - a potion of magic
 e - a potion of curing
 f - 2 potions of heal wounds
 h - a potion of invisibility
 r - a potion of might
 u - a potion of attraction


   Skills:
 - Level 2.4 Dodging
 - Level 2.4 Stealth
 + Level 3.2 Spellcasting
 - Level 5.5 Conjurations
 + Level 4.2 Hexes


You had 3 spell levels left.
You knew the following spells:

 Your Spells              Type           Power      Damage    Failure   Level
a - Magic Dart            Conj           100%       1d8       2%          1
b - Searing Ray           Conj           62%        2d6       4%          2
c - Dazzling Flash        Conj/Hex       56%        N/A       11%         3

Your spell library contained the following spells:

 Spells                   Type           Power      Damage    Failure   Level
 Apportation              Tloc           8%         N/A       28%         1
 Necrotise                Necr           16%        1d4       28%         1
 Summon Small Mammal      Summ           16%        N/A       28%         1
 Fulminant Prism          Conj/Hex       14%        3d9       36%         4
 Iskenderun's Mystic Bla  Conj/Tloc      17%        2d5       65%         4


Dungeon Overview and Level Annotations

Branches:
Dungeon (5/15)
 Temple: D:4-7

Altars:
Hepliaklqana

Shops:
D:3 *

Annotations:
D:3 exclusion: 2 downstairs
D:4 Dowan, Menkaure, Sigmund


Message History

There is a stone staircase leading down here.
You can't go up here!
There is a stone staircase leading down here.
You climb downwards.
There is a stone staircase leading up here.
Fire: x) +6 sling of Wu Jian's Inspiration {heavy, rElec rPois rN+ Str-3}
Press: ? - help, Q - select action, (/) - cycle Shift-Dir - straight line, f - iguana
Aim: an iguana (asleep, 98% to hit)
You shoot a sling bullet.
The sling bullet hits the iguana but does no damage.
The iguana hisses angrily.
Fire: x) +6 sling of Wu Jian's Inspiration {heavy, rElec rPois rN+ Str-3}
Press: ? - help, Q - select action, (/) - cycle Shift-Dir - straight line, f/p - iguana
Aim: an iguana (65% to hit)
You shoot a sling bullet. The sling bullet hits the iguana!
The iguana is heavily wounded.
The iguana barely misses you. The iguana bites you!
Fire: x) +6 sling of Wu Jian's Inspiration {heavy, rElec rPois rN+ Str-3}
Press: ? - help, Q - select action, (/) - cycle Shift-Dir - straight line, f/p - iguana
Aim: an iguana (heavily wounded, 65% to hit)
You shoot a sling bullet.
The sling bullet hits the iguana but does no damage.
The iguana is heavily wounded.
The iguana bites you. The iguana bites you!
* * * LOW HITPOINT WARNING * * *
Fire: x) +6 sling of Wu Jian's Inspiration {heavy, rElec rPois rN+ Str-3}
Press: ? - help, Q - select action, (/) - cycle Shift-Dir - straight line, f/p - iguana
Aim: an iguana (heavily wounded, 65% to hit)
You shoot a sling bullet.
The sling bullet barely misses the iguana.
The iguana barely misses you. x3
Fire: x) +6 sling of Wu Jian's Inspiration {heavy, rElec rPois rN+ Str-3}
Press: ? - help, Q - select action, (/) - cycle Shift-Dir - straight line, f/p - iguana
Aim: an iguana (moderately wounded, 65% to hit)
You shoot a sling bullet.
The sling bullet hits the iguana but does no damage.
The iguana is moderately wounded.
The iguana bites you!
Ouch! That really hurt!
You die...

♣### ...#
#
###...#.##
#........#
#........#
#.@l.....#
###...####
...# #.##
.# .# #


You could see an iguana.

Vanquished Creatures
  A hound (D:2)
  A gnoll (D:1)
  An adder (D:3)
  A worm (D:2)
  3 dart slugs
  3 orcs (D:3)
  3 bats (D:3)
  4 endoplasms
  3 giant cockroaches
  9 goblins
  6 hobgoblins
  4 jackals (D:3)
  8 kobolds
  A quokka (D:1)
  5 ball pythons
  4 frilled lizards
  3 rats
60 creatures vanquished.

Notes
Turn   | Place    | Note
-------+----------+-------------------------------------------
     0 | D:1      | randart the Deep Elf Conjurer began the quest for the Orb.
     0 | D:1      | Reached XP level 1. HP: 10/10 MP: 6/6
   129 | D:1      | Found a faded altar of an unknown god.
   138 | D:1      | Reached skill level 5 in Conjurations
   138 | D:1      | Reached XP level 2. HP: 4/15 MP: 0/8
   209 | D:1      | Learned a level 2 spell: Searing Ray
   703 | D:1      | Reached XP level 3. HP: 19/19 MP: 6/9
   784 | D:1      | Learned a level 3 spell: Dazzling Flash
  1471 | D:2      | Reached XP level 4. HP: 24/24 MP: 6/10
  2750 | D:3      | Identified the +8 spear "Guell" {vamp, rPois rC+ MP+9 SInv}
  2771 | D:3      | Found Nuanto Nuups's General Store.
  2775 | D:3      | Bought 2 potions of heal wounds for 140 gold pieces
  2775 | D:3      | Bought a scroll of identify for 28 gold pieces
  2990 | D:3      | Found a hazy altar of Hepliaklqana.
  3158 | D:4      | Noticed Menkaure
  3252 | D:4      | Identified the +6 sling of Wu Jian's Inspiration {heavy,
                  | rElec rPois rN+ Str-3}
  3260 | D:4      | Noticed a black bear
  3335 | D:4      | Noticed Sigmund
  3486 | D:4      | Noticed Dowan
  3676 | D:5      | Entered Level 5 of the Dungeon
  3681 | D:5      | Mangled by an iguana

Illustrated notes

Levels and vault maps discovered:
D:1:      dpeg_arrival_round_a, layout_loops_ring,
          hellmonk_ecumenical_altar_zigzags, minmay_misc_feat_alley,
          roderic_serpentine_path
D:2:      layout_basic, corexii_item_surrounded_by_moat
D:3:      layout_loops_ring, marbit_many_paths, serial_shops, shop,
          kennysheep_generic_room_8
D:4:      layout_basic, serial_rivers, chequers_serial_rivers_large_b,
          chequers_serial_rivers_room_b, chequers_serial_rivers_micro_c,
          chequers_serial_rivers_micro_a, corexii_checkpoint_a,
          corexii_leaking_fountain, uniq_duvessa, uniq_menkaure, uniq_sigmund
D:5:      layout_loops_ring, minmay_temple_entry_poolview, serial_shops,
          nicolae_lakefront_shop, serial_bayou_lake_a

Skill      XL: |  1  2  3  4 |
---------------+-------------+-----
Conjurations   | 5 |  5.5
Hexes          | 2 4 |  4.2
Dodging        | |  2.4
Stealth        | |  2.4
Spellcasting   | |  3.2

Action                     |  1- 3 |  4- 6 || total
---------------------------+-------+-------++-------
   Fire: Sling             |       |     7 ||     7
   Cast: Magic Dart        |    46 |    58 ||   104
    Use: Scroll            |       |     4 ||     4
         Potion            |       |     1 ||     1
 Armour: Leather armour    |     1 |       ||     1
  Dodge: Dodged            |       |     7 ||     7
